[Event "Late-Titled-Tuesday-Blitz-April-30-2024"]
[Site "Chess.com"]
[Date "2024.04.30"]
[Round "7"]
[White "patzer-reloaded"]
[Black "Cacriefils1984"]
[Result "1-0"]
[WhiteElo "2539"]
[BlackElo "2354"]
[TimeControl "180+1"]
[EndTime "15:18:42 PDT"]
[Termination "patzer-reloaded won by checkmate"]

1. d4 Nf6 2. c4 g6 3. Nc3 Bg7 4.
e4 d6 5. Nf3 O-O 6. Be2 e5 7.
O-O Nc6 8. Be3 Ng4 9. Bg5 f6 10.
Bc1 Nh6 11. Be3 Ng4 12. Bc1 Nh6 13. h3 Nf7 14. Be3 Bd7 15. Qd2 f5 16. exf5 gxf5 17. dxe5 dxe5 18. Rfd1 Be6 19. Qxd8 Raxd8 20. Nd5 Rd7 21.
Ng5 Nxg5 22. Bxg5 Nd4 23. Bf1 h6 24. Be3 Nc2 25. Rac1 Nxe3 26. Nxe3 Rfd8 27. Rxd7 Rxd7 28. Rd1 Rd4 29. Rxd4 exd4 30. Nd1 Kf7 31. f4 Ke7 32. b3 Kd6 33. Nf2 a5 34. Nd3 Bd7 35. Be2 Bc6 36. Kf2 Be4 37. g4 Bf6 38. Kg3 c6 39. Ne1 Kc5 40. Nd3+ Kd6 41. Nf2 Bb1 42.
a4 Kc5 43. Bd3 Ba2 44. Bxf5 Bxb3 45. Ne4+ Kb4 46. Nxf6 Kxc4 47. g5 d3 48. gxh6 d2 49.
Bg4 Bc2 50. h7 Bxh7 51. Nxh7 b5 52. axb5 cxb5 53. f5 Kd5 54. f6 Kd6 55. Bh5 d1=Q 56. Bxd1 Ke6 57. Be2 b4 58. Bc4+ Kd6 59. Bb3 a4 60. f7 axb3 61. f8=Q+ Kd5 62. Qxb4 Ke5 63. Qxb3 Kf5 64. Qf3+ Kg6 65. Qg4+ Kxh7 66. Kf4 Kh8 67. Kf5 Kh7 68. Kf6 Kh8 69. Qg7# 1-0

[Event "Late-Titled-Tuesday-Blitz-April-30-2024"]
[Site "Chess.com"]
[Date "2024.04.30"]
[Round "7"]
[White "SVijayalakshmi"]
[Black "grzechu96"]
[Result "0-1"]
[WhiteElo "2566"]
[BlackElo "2789"]
[TimeControl "180+1"]
[EndTime "15:18:45 PDT"]
[Termination "grzechu96 won by resignation"]

1. d4 d5 2. c4 e6 3. Nc3 c6 4. cxd5 exd5 5. Nf3 Bf5 6. Bf4 Bd6 7. Ne5 Nf6 8. e3 O-O 9. Bd3 Bxd3 10. Qxd3 Qe7 11. O-O Nbd7 12. Qf5 Rfe8 13. Nd3 Bxf4 14. Nxf4 Nb6 15. Rac1 a5 16. Rc2 a4 17. Nce2 Ne4 18.
Ng3 Nxg3 19. hxg3 Nc4 20. Rfc1 Nd6 21. Qg4 g6 22. Nd3 h5 23. Qf3 Kg7 24. Nc5 Rh8 25. Rc3 Nb5 26. Rd3 b6 27. Rd2 bxc5 28. Rxc5 Qe6 29. Rdc2 Ra6 30. Qe2 Rb8 31. Qd3 Rab6 32. Kh2 Nc7 33. Qa3 Ra6 34. Qd3 Rb5 35. Qd1 Rxc5 36.
Rxc5 Qd6 37. Qc2 Ne6 38. Rc3 Qc7 39. Kg1 Qb6 40. Ra3 Qb5 41. Rc3 Rb6 42. Ra3 Qxb2 43. Qxb2 Rxb2 44. Rxa4 Ng5 45. f3 Ne6 46. Kf1 c5 47.
dxc5 Nxc5 48. Ra5 Ne6 49. Rxd5 Rxa2 50. e4 Kf6 51. Rb5 Nd4 52. Rb6+ Kg7 53. Rd6 Nc2 54.
Rd3 Na3 55. Kg1 Nc4 56. Kh2 Re2 57. Kh3 Ne3 58. g4 hxg4+ 59. fxg4 Nxg2 60. Kg3 Ne1 61.
Rd4 Rg2+ 62. Kh3 Ra2 63. Kg3 Ra3+ 64. Kf2 Nf3 65. Rb4 Ne5 66. g5 Nd3+ 67. Kg3 Nxb4+ 68. Kg4 Nc6 69. Kf4 Ra5 70. Kf3 Rxg5 0-1

[Event "Late-Titled-Tuesday-Blitz-April-30-2024"]
[Site "Chess.com"]
[Date "2024.04.30"]
[Round "7"]
[White "Abund"]
[Black "lupta_robin"]
[Result "0-1"]
[WhiteElo "2759"]
[BlackElo "2608"]
[TimeControl "180+1"]
[EndTime "15:18:45 PDT"]
[Termination "lupta_robin won by resignation"]

1. e4 g6 2. d4 Nf6 3. e5 Nh5 4.
Nf3 d6 5. Bc4 Nc6 6. Qe2 d5 7.
Bb3 Bg4 8. c3 Ng7 9. Nbd2 Qd7 10. h3 Bxf3 11. Nxf3 e6 12. Bf4 h5 13. Bc2 h4 14. g4 hxg3 15. fxg3 Nh5 16. Qe3 Nxf4 17.
Qxf4 Bh6 18. Qf6 Rg8 19. g4 Qe7 20. g5 Qxf6 21. exf6 Bf8 22. h4 Rh8 23. Ba4 Bd6 24.
Kf2 Kd7 25. Rh3 a6 26. Rah1 Rh5 27. Bd1 Rah8 28. Ne5+ Nxe5 29. Bxh5 Rxh5 30. dxe5 Bxe5 31. Kf3 Bd6 32. Kg4 c5 33. Rd1 b5 34. Rhd3 Kc6 35. Re3 a5 36. Red3 Rh8 37. R3d2 Rc8 38. Rh1 e5 39. h5 gxh5+ 40. Rxh5 d4 41. Rh7 Rf8 42. Kf5 Kd5 43. Rh4 Re8 44. Re4 a4 45. cxd4 cxd4 46. Rdxd4+ exd4 47. Rxe8 d3 48. Re1 Kd4 49. g6 fxg6+ 50. Kxg6 d2 51. Rh1 Kd3 52. Kf5 Kc2 53. Ke6 Bf8 54. Rh2 Kc1 55. Rh1+ d1=Q 56. Rxd1+ Kxd1 57. Kd5 Kc2 58. Kc6 Kxb2 59. Kxb5 a3 60. Kc4 Kxa2 61. Kc3 Kb1 62. f7 a2 63. Kd2 a1=Q 0-1

[Event "Late-Titled-Tuesday-Blitz-April-30-2024"]
[Site "Chess.com"]
[Date "2024.04.30"]
[Round "7"]
[White "vladgoncharov"]
[Black "samidescalona2002"]
[Result "1-0"]
[WhiteElo "2611"]
[BlackElo "2769"]
[TimeControl "180+1"]
[EndTime "15:18:46 PDT"]
[Termination "vladgoncharov won by checkmate"]

1. d4 Nf6 2. c4 g6 3. Nc3 Bg7 4.
e4 O-O 5. h3 d6 6. Be3 e5 7. d5 Nbd7 8. Nf3 Nc5 9. Nd2 a5 10. Be2 c6 11. O-O Nfd7 12. b3 f5 13. a3 Nf6 14. Bg5 h6 15. Bxf6 Qxf6 16. b4 Nd7 17. Nb3 axb4 18. axb4 Rxa1 19. Qxa1 Qh4 20. Nd2 c5 21. Nb5 Qe7 22. Bf3 cxb4 23. Qb2 Nc5 24.
Qxb4 h5 25. Nc3 Bh6 26. Nb3 Nd3 27. Qb6 Nf4 28. c5 Rd8 29. cxd6 Rxd6 30. Qc5 Qd8 31. Nb5 Rb6 32. Na5 Bd7 33. Nc7 Rb2 34. d6 Bg7 35.
exf5 Bxf5 36. Nxb7 Qg5 37. Kh1 Nxh3 38. gxh3 Qh4 39.
Qd5+ Kh7 40. Bg2 Bxh3 41. Bxh3 Qxh3+ 42. Kg1 Qg4+ 43. Qg2 Qxg2+ 44. Kxg2 Rxb7 45. Rd1 Bf6 46. Kf3 Rb4 47. Nd5 Rb3+ 48. Ke4 Bd8 49. Rc1 Rb2 50. Rc8 Bh4 51. Ne3 Rxf2 52. Nc4 Rf4+ 53. Kd5 Rd4+ 54.
Kxe5 Rxc4 55. Rxc4 Bg3+ 56. Ke6 Bxd6 57. Kxd6 Kh6 58. Ke5 Kg5 59. Ke4 Kg4 60. Ke3+ Kg3 61. Rc5 h4 62. Rg5+ Kh2 63. Kf2 h3 64. Rxg6 Kh1 65. Kg3 h2 66. Ra6 Kg1 67. Ra1# 1-0

[Event "Late-Titled-Tuesday-Blitz-April-30-2024"]
[Site "Chess.com"]
[Date "2024.04.30"]
[Round "7"]
[White "only_strong_moves"]
[Black "cthulhuuu"]
[Result "1-0"]
[WhiteElo "2733"]
[BlackElo "2475"]
[TimeControl "180+1"]
[EndTime "15:18:47 PDT"]
[Termination "only_strong_moves won on time"]

1. Nc3 Nf6 2. e4 d6 3. d4 c6 4. f4 Qb6 5. Nf3 Bg4 6. Be2 e6 7. O-O d5 8. e5 Nfd7 9. Be3 c5 10.
Kh1 Bxf3 11. Bxf3 Nc6 12. Ne2 cxd4 13. Nxd4 Bc5 14. c3 Qxb2 15. Rb1 Qxc3 16. Rb3 Qxe3 17.
Nxc6 bxc6 18. Rxe3 Bxe3 19. Qa4 Rc8 20. Qa6 O-O 21. Be2 Nc5 22. Qxa7 Ra8 23. Qc7 Rxa2 24.
Bf3 Nd3 25. h3 Nf2+ 26. Rxf2 Bxf2 27. Kh2 Be3 28. Kg3 c5 29. f5 exf5 30. Bxd5 f4+ 31. Kh2 Ra1 32. h4 Bf2 33. e6 h5 34.
exf7+ Kh8 35. g4 hxg4 36. Qxf4 g3+ 37. Kg2 Rg1+ 38. Kh3 Rd1 39. Qf3 Rxd5 40. Qxd5 g6 41. Qe5+ Kh7 42. Qf6 Bd4 43. Qf4 Kg7 44. Kg4 Rxf7 45.
Qe4 Rf6 46. Kxg3 Rf7 47. Qd5 Re7 48. Qd6 Re3+ 49. Kg4 Re4+ 50. Kf3 Re3+ 51. Kg4 Re4+ 52. Kh3 Re3+ 53. Kg2 Re2+ 54. Kf1 Rf2+ 55. Ke1 Rf6 56.
Qd7+ Kh6 57. Qg4 Rf7 58. Qg5+ Kg7 59. Ke2 Re7+ 60. Kd3 Re3+ 61. Kc4 Re5 62. Qg4 Re7 63. h5 1-0

[Event "Late-Titled-Tuesday-Blitz-April-30-2024"]
[Site "Chess.com"]
[Date "2024.04.30"]
[Round "7"]
[White "chessforthesun"]
[Black "LuciaMalanRamos"]
[Result "0-1"]
[WhiteElo "2602"]
[BlackElo "2126"]
[TimeControl "180+1"]
[EndTime "15:18:47 PDT"]
[Termination "LuciaMalanRamos won by checkmate"]

1. d4 d5 2. Nc3 Nf6 3. Bf4 a6 4. e3 e6 5. Nf3 c5 6. dxc5 Bxc5 7. Bd3 Bd6 8. Bg5 Be7 9. O-O h6 10. Bh4 Qb6 11. e4 Qxb2 12. Na4 Qb4 13. c3 Qa5 14. e5 Nfd7 15. Bxe7 Kxe7 16. c4 b5 17.
cxd5 Qxa4 18. Bc2 Qa5 19. dxe6 fxe6 20. Qd6+ Kf7 21. Bb3 Re8 22. Nd4 Nf8 23. Rac1 Qd8 24. Rc7+ Kg8 25. Qxd8 Rxd8 26. Nc6 Nxc6 27. Rxc6 Bb7 28.
Rb6 Bd5 29. f4 Bxb3 30. axb3 Rd3 31. f5 exf5 32. Rxf5 Rxb3 33. e6 Re8 34. Re5 Ng6 35. Re4 a5 36. h4 a4 37. h5 Ne7 38. Re5 a3 39. Rexb5 Rxb5 40. Rxb5 Nc8 41. Ra5 Rxe6 42. Rxa3 Nd6 43. Ra6 Rf6 44. Kh2 Ne4 45. Ra8+ Kh7 46. g4 Ng5 47. Kg2 Re6 48. Ra5 Rd6 49. Ra2 Kg8 50.
Rb2 Kf7 51. Rb7+ Kf6 52. Rb5 Re6 53. Rf5+ Ke7 54. Ra5 Rd6 55. Ra6 Rd7 56. Ra7 Rxa7 57. Kg3 Ra4 58. Kh4 Rxg4+ 59. Kxg4 Kf6 60. Kh4 Ne6 61. Kg4 Nd4 62. Kh4 Nc6 63. Kg4 g6 64. Kf4 g5+ 65. Kg3 Nd4 66. Kg4 Ke5 67. Kg3 Kf5 68. Kh3 Ne6 69. Kg3 Nf4 70. Kf3 Nxh5 71. Kg2 Nf6 72. Kh3 h5 73. Kg3 g4 74. Kh4 Kg6 75.
Kg3 Kg5 76. Kg2 h4 77. Kf2 g3+ 78. Kg2 Kg4 79. Kg1 h3 80. Kh1 Kf3 81. Kg1 g2 82. Kh2 Kf2 83. Kxh3 g1=Q 84. Kh4 Kf3 85. Kh3 Qg3# 0-1

[Event "Late-Titled-Tuesday-Blitz-April-30-2024"]
[Site "Chess.com"]
[Date "2024.04.30"]
[Round "7"]
[White "Firouzja2003"]
[Black "MITerryble"]
[Result "0-1"]
[WhiteElo "3137"]
[BlackElo "3038"]
[TimeControl "180+1"]
[EndTime "15:18:52 PDT"]
[Termination "MITerryble won by resignation"]

1. e4 e6 2. d4 d5 3. Nc3 Nf6 4.
e5 Nfd7 5. f4 c5 6. Nf3 Nc6 7.
Be3 Be7 8. a3 b6 9. Bb5 Bb7 10.
O-O O-O 11. Qe1 a6 12. Bd3 f6 13. Qg3 f5 14. Qh3 g6 15. g4 Kh8 16. gxf5 gxf5 17. Kh1 Qe8 18. Rg1 Qf7 19. Rg3 Rg8 20. Rag1 Raf8 21.
Qh6 Rxg3 22. Rxg3 Rg8 23. Kg2 Rg6 24. Qh3 Qg7 25. Kf2 Nf8 26. Bf1 Kg8 27. Ne2 Na5 28.
c3 Nc4 29. Bc1 Na5 30. Rg2 Rxg2+ 31. Bxg2 Bc6 32. Ng3 Be8 33. Nh5 Qg4 34. Nf6+ Bxf6 35. exf6 Qxh3 36. Bxh3 Nd7 37. Bf1 c4 38. Ng5 Bf7 39.
Nf3 Nxf6 40. Ne5 Be8 41. Be2 Nc6 42. Be3 Ne4+ 43. Ke1 Ne7 44. Bf3 Kg7 45. Be2 Ng8 46. Bf3 Ngf6 47. h3 b5 48. Bg2 Kf8 49. Bf1 Ke7 50. Be2 Bh5 51. Bf1 Kd6 52. Bg2 Kc7 53.
Bf1 a5 54. Bg2 Kb6 55. Nf3 h6 56. Ne5 b4 57. axb4 axb4 58. cxb4 Kb5 59. Bd2 Nxd2 60. Kxd2 Kxb4 61. Nc6+ Kb3 62. Kc1 Be8 63. Nd8 Bd7 64. Nf7 Nh5 65. Nxh6 Nxf4 66. Bf1 c3 67. bxc3 Kxc3 68.
Ng8 Kxd4 69. Nf6 Bc6 70. h4 Ke5 71. Ng8 Be8 72. Kd2 Bf7 73. Ne7 Ng6 74. Nc6+ Kd6 75. Nd4 Nxh4 76. Ke3 Ng6 77. Nb5+ Ke5 78. Nd4 f4+ 0-1

[Event "Late-Titled-Tuesday-Blitz-April-30-2024"]
[Site "Chess.com"]
[Date "2024.04.30"]
[Round "7"]
[White "CarlosjPineror"]
[Black "Zhigalko_Sergei"]
[Result "0-1"]
[WhiteElo "2708"]
[BlackElo "2885"]
[TimeControl "180+1"]
[EndTime "15:18:54 PDT"]
[Termination "Zhigalko_Sergei won by resignation"]

1. e4 c5 2. Nf3 Nc6 3. g3 e5 4. Bg2 Nf6 5. O-O Be7 6. Nc3 O-O 7. d3 d6 8. Nd2 Nd4 9. a4 Bg4 10. f3 Be6 11. Nc4 a6 12. a5 Nc6 13. Nb6 Rb8 14.
Ncd5 Nxa5 15. Nxe7+ Qxe7 16. Nd5 Bxd5 17. exd5 b6 18.
f4 Rfe8 19. Bd2 c4 20. fxe5 Qxe5 21. Bc3 Qg5 22. Bxf6 gxf6 23. Rf4 cxd3 24. cxd3 f5 25. b4 Nb7 26. Rxa6 Ra8 27. Rxb6 Ra2 28. Bf3 Nd8 29. Qb1 Ra3 30. Qb2 Ra7 31. Rxd6 Qe7 32. Rh6 Qe1+ 33. Kg2 Rae7 34. Qf2 Re2 35. Bxe2 Rxe2 36. Rhh4 Rxf2+ 37.
Rxf2 Nb7 38. Rhf4 Nd6 39. b5 Qe5 40. b6 Qxd5+ 41. Kh3 Qb5 42. g4 Qxb6 43. gxf5 Qe3+ 44. R4f3 Qd4 45. Kg2 f6 46. Rg3+ Kf7 47. Rgf3 Qd5 48. h3 Nb5 49. Kh2 Nd4 50. Rf4 Qe5 51. Kh1 Ne2 52.
R4f3 Nd4 53. Rf4 h5 54. Re4 Qd5 55. Kh2 Nxf5 56. Ref4 Qe5 57. Kg1 Nd4 58. Rxf6+ Ke7 59. R6f4 Qg5+ 60. Kf1 Qd5 61. Re4+ Kd7 62. Rff4 Ne6 63.
Rf3 Ng5 64. Rfe3 Nxe4 65. dxe4 Qe5 66. Kf2 Qh2+ 67. Ke1 Ke6 68. Rf3 Ke5 69. Re3 Kd4 70. Rf3 Kxe4 0-1

[Event "Late-Titled-Tuesday-Blitz-April-30-2024"]
[Site "Chess.com"]
[Date "2024.04.30"]
[Round "7"]
[White "NLLO777"]
[Black "Individoom"]
[Result "1-0"]
[WhiteElo "2574"]
[BlackElo "2767"]
[TimeControl "180+1"]
[EndTime "15:18:59 PDT"]
[Termination "NLLO777 won by checkmate"]

1. d4 Nf6 2. Nf3 g6 3. g3 Bg7 4. Bg2 O-O 5. O-O d6 6. c4 Nbd7 7. Nc3 e5 8. e3 Re8 9. Rb1 Qe7 10. b4 Nf8 11. a4 e4 12. Nd2 Bf5 13. b5 h5 14. Ba3 N8h7 15. Qb3 h4 16. c5 hxg3 17.
hxg3 Ng5 18. cxd6 cxd6 19. Nd5 Nxd5 20. Qxd5 Rad8 21. b6 a6 22. Rfc1 Be6 23. Qa5 Qf6 24. Rc7 Bc8 25. Rbc1 Bf8 26. Qd5 Qf5 27. Qxf5 gxf5 28.
Nb3 Ne6 29. R7c3 d5 30. Bxf8 Kxf8 31. Nc5 Nxc5 32. Rxc5 Bd7 33. a5 Bc6 34. Bh3 Rd6 35.
Bxf5 Kg7 36. Bh3 Rh8 37. Bg2 Rhh6 38. Bf1 Rdf6 39. Be2 Rfg6 40. Kg2 Rf6 41. R5c2 Rfg6 42.
Rh1 Rxh1 43. Kxh1 Rh6+ 44. Kg2 Kf8 45. Ra2 Ke7 46. Bd1 Kd6 47. Ba4 Bxa4 48. Rxa4 Kc6 49. Ra1 Kb5 50. f3 exf3+ 51. Kxf3 Rc6 52. Kf4 Rc3 53. Ke5 Rxe3+ 54. Kxd5 Rxg3 55. Kd6 Rc3 56. d5 f5 57. Ke5 Rd3 58. d6 f4 59. Ke6 f3 60. d7 f2 61. Ke7 f1=Q 62. Rxf1 Kxa5 63.
Rb1 Re3+ 64. Kd6 Rd3+ 65. Kc7 Rc3+ 66. Kxb7 Rd3 67. Kc8 Rc3+ 68. Kd8 Rc1 69. Rxc1 Kxb6 70. Kc8 Ka7 71. d8=Q a5 72. Rc6 a4 73. Qb6+ Ka8 74.
Qb7# 1-0

[Event "Late-Titled-Tuesday-Blitz-April-30-2024"]
[Site "Chess.com"]
[Date "2024.04.30"]
[Round "7"]
[White "Carlitus2004"]
[Black "balachess2006"]
[Result "0-1"]
[WhiteElo "2485"]
[BlackElo "2674"]
[TimeControl "180+1"]
[EndTime "15:19:06 PDT"]
[Termination "balachess2006 won on time"]

1. Nf3 Nf6 2. b3 c5 3. Bb2 Nc6 4. g3 d6 5. Bg2 e5 6. O-O Be7 7. e3 O-O 8. d4 cxd4 9. exd4 e4 10. Nfd2 d5 11. c4 Bg4 12. f3 exf3 13. Nxf3 Re8 14.
Nbd2 Bb4 15. a3 Bxd2 16. Qxd2 Ne4 17. Qf4 Nf6 18. Ne5 Be6 19. Rae1 Rc8 20. c5 Nxe5 21.
Rxe5 Nd7 22. Ree1 Nf8 23. b4 Ng6 24. Qd2 Qd7 25. Re3 Bh3 26. Rfe1 Rxe3 27. Rxe3 Bxg2 28. Qxg2 Nf8 29. Re5 Rd8 30. Bc1 f6 31. Re2 Kf7 32.
Bf4 Re8 33. Bd6 Rxe2 34. Qxe2 Ng6 35. Qf3 Qe6 36. Kg2 a6 37. h4 Ne7 38. Bxe7 Kxe7 39. Qd3 g6 40. h5 f5 41. hxg6 hxg6 42. Qd2 Kd7 43. Kf2 Kc6 44. a4 Qe4 45. b5+ axb5 46. axb5+ Kxb5 47. Qb2+ Kc4 48. Qxb7 Qxd4+ 49. Kf3 Qe4+ 50.
Kf2 Kxc5 51. Qa7+ Kd6 52. Qb6+ Ke5 53. Qc7+ Kf6 54. Qd8+ Kf7 55. Qd7+ Kf6 56. Qd6+ Qe6 57. Qf8+ Qf7 58. Qd6+ Kg7 59. Qe5+ Kh7 60. Kf3 Qb7 61. Kf4 Qb4+ 62. Kg5 Qg4+ 63. Kf6 Qe4 64. Qc7+ Kh6 65. Qd8 Qd4+ 66. Kf7 Qe5 67. Kg8 Qe6+ 68. Kf8 g5 69.
Qc7 Qf6+ 70. Ke8 Kg6 71. Qd8 Qxd8+ 72. Kxd8 d4 73. Ke7 d3 74. g4 d2 75. gxf5+ Kxf5 0-1

[Event "Late-Titled-Tuesday-Blitz-April-30-2024"]
[Site "Chess.com"]
[Date "2024.04.30"]
[Round "7"]
[White "Umumba_FM"]
[Black "ImportedItalianMaple"]
[Result "1-0"]
[WhiteElo "2707"]
[BlackElo "2462"]
[TimeControl "180+1"]
[EndTime "15:19:13 PDT"]
[Termination "Umumba_FM won by resignation"]

1. Nc3 d5 2. e4 dxe4 3. Nxe4 Nf6 4.
Nxf6+ exf6 5. d4 Bd6 6. c3 O-O 7. Bd3 Re8+ 8. Ne2 Nd7 9. O-O Nf8 10. Bf4 Bg4 11. f3 Bh5 12. Qd2 Bg6 13. Bxg6 hxg6 14. Ng3 Ne6 15. Bxd6 Qxd6 16. Rae1 Rad8 17. Ne4 Qd5 18.
Qc2 f5 19. Nf2 a5 20. a4 b6 21. Re5 Qd7 22. Rfe1 f6 23. R5e3 Nf4 24. Qb3+ Kh7 25. g3 Rxe3 26. Rxe3 Nd5 27. Re2 c6 28. Nd3 Re8 29.
Qc2 Re6 30. Kf2 g5 31. Nc1 g6 32. Qd3 f4 33. Re4 Rxe4 34. fxe4 Qh3 35. exd5 Qxh2+ 36. Ke1 cxd5 37. gxf4 g4 38. Ne2 f5 39. Qg3 Qh1+ 40.
Kd2 Qe4 41. Qh4+ Kg7 42. Qd8 Qf3 43. Qe7+ Kh6 44. Qf8+ Kh7 45. Qe7+ Kh6 46. Qd8 Kg7 47. Qxb6 g3 48. Qc7+ Kh6 49. Qd8 g2 50. Qg5+ Kg7 51.
b4 axb4 52. cxb4 Qf2 53. a5 Qf3 54. a6 Qa3 55. Qxg2 Qxb4+ 56. Ke3 Qa3+ 57. Kf2 Qxa6 58. Qg5 Qd3 59. Qe7+ Kh6 60. Qe3 Qc2 61. Qf3 Qc4 62.
Qh3+ Kg7 63. Qh4 Qd3 64. Qe7+ Kh6 65. Qe5 Qc4 66. Ke3 Kh7 67. Qe6 Kg7 68. Qe7+ Kg8 69. Qf6 Kh7 70. Qf7+ Kh6 71. Qf8+ Kh7 72. Kf2 Qd3 73.
Qf6 Kh6 74. Ng1 Qd2+ 75. Kg3 Qe1+ 76. Kg2 Qd2+ 77. Kh1 Qxf4 78. Qh8+ Kg5 79. Nh3+ Kg4 80. Nxf4 Kxf4 81. Qh6+ g5 82. Kg2 Kg4 83. Qd6 f4 84. Qxd5 1-0

[Event "Late-Titled-Tuesday-Blitz-April-30-2024"]
[Site "Chess.com"]
[Date "2024.04.30"]
[Round "7"]
[White "Andrii_Prydun"]
[Black "yaguigor"]
[Result "1/2-1/2"]
[WhiteElo "2382"]
[BlackElo "2554"]
[TimeControl "180+1"]
[EndTime "15:19:13 PDT"]
[Termination "Game drawn by repetition"]

1. e4 Nc6 2. d4 d5 3. e5 Bf5 4. Be3 e6 5. Bd3 Bxd3 6. cxd3 f6 7. Nf3 Nge7 8. exf6 gxf6 9. Nh4 Ng6 10. Qh5 Bb4+ 11. Nc3 Ne7 12. O-O Qd7 13. Nxg6 Nxg6 14. f4 f5 15. Ne2 O-O-O 16. Kh1 Rdg8 17. Rfd1 Qe8 18. Rac1 Bd6 19. g3 Ne7 20. Qxe8+ Rxe8 21. Ng1 h5 22. h4 Rhg8 23. Bf2 Nc6 24. Nf3 Nd8 25. Ng5 Kd7 26. Kg2 Re7 27. Kf3 Nf7 28. Rc2 Nh6 29. Rdc1 Ng4 30. Be1 Reg7 31. b4 c6 32. a4 a6 33. Rb2 b5 34. a5 Be7 35. Rbc2 Rc8 36. Re2 Rg6 37. Bc3 Bd6 38. Rce1 Rf8 39. Rxe6 Rxe6 40. Rxe6 Rf6 41. Re2 Nh6 42.
Re1 Ng8 43. Kf2 Ne7 44. Nf3 Re6 45. Ne5+ Bxe5 46. Rxe5 Ng6 47. Rxe6 Kxe6 48. Bd2 Nf8 49. Bc3 Nd7 50. Kf3 Nf6 51. Bd2 Ng4 52. Bc3 Nh2+ 53.
Kf2 Ng4+ 54. Kf3 c5 55. dxc5 Kd7 56. Bd4 Kc6 57. Kg2 Nh6 58. Kf3 Nf7 59. Ke3 Nd8 60. Kd2 Ne6 61. Kc3 Kd7 62. Be5 Kc6 63. d4 Kd7 64.
Kd3 Nd8 65. Kc3 Nc6 66. Bf6 Ke6 67. Bg5 Na7 68. Kd3 Nc6 69. Kc3 Kd7 70. Bf6 Nb8 71.
Bg5 Nc6 72. Bf6 1/2-1/2

[Event "Late-Titled-Tuesday-Blitz-April-30-2024"]
[Site "Chess.com"]
[Date "2024.04.30"]
[Round "7"]
[White "db-banana"]
[Black "Crazy_girl99"]
[Result "0-1"]
[WhiteElo "2467"]
[BlackElo "2654"]
[TimeControl "180+1"]
[EndTime "15:19:20 PDT"]
[Termination "Crazy_girl99 won by resignation"]

1. e4 e5 2. Nf3 Nc6 3. Bc4 Bc5 4. d3 Nf6 5. c3 d6 6. Nbd2 a6 7. Bb3 h6 8. O-O Ba7 9. Bc2 O-O 10. Re1 Re8 11. Nf1 Be6 12. d4 exd4 13. cxd4 Bg4 14. d5 Ne5 15. N1d2 Nfd7 16. h3 Bh5 17. g4 Bg6 18. Qe2 Qf6 19. Nh2 h5 20. Ndf1 hxg4 21. hxg4 Qh4 22. Be3 Nf6 23. Bxa7 Rxa7 24. f3 Raa8 25. Qf2 Qh3 26. Rac1 c6 27. dxc6 bxc6 28. Qg3 Qxg3+ 29. Nxg3 Rab8 30. b3 d5 31. exd5 Bxc2 32. Rxc2 cxd5 33. Rce2 Nd3 34. Rxe8+ Nxe8 35.
Rd1 Nf4 36. Nhf1 Nf6 37. Nf5 Kf8 38. N1e3 Rd8 39. Kf2 Ne6 40. Nc2 Rc8 41. Ncd4 g6 42. Nxe6+ fxe6 43. Nd4 e5 44. Ne2 Rc2 45. a4 d4 46. Ke1 Nd5 47. Nxd4 exd4 48. Rxd4 Ne7 49.
Rd6 a5 50. Ra6 Rc5 51. Kd2 Kf7 52. Rb6 Rd5+ 53. Ke3 Rc5 54. Kf2 Nd5 55. Ra6 Nb4 56.
f4 Nd3+ 57. Ke3 Nc1 58. Rb6 Rc3+ 59. Ke4 Nxb3 60. f5 gxf5+ 61. gxf5 Rh3 62. Ke5 Re3+ 63. Kf4 Rc3 64. Ke5 Rc5+ 65. Kf4 Nd4 66. Rb7+ Kf6 67. Rb6+ Ke7 68. Kg5 Nxf5 69. Kg6 Nd6 70. Ra6 Ke6 71. Kg7 Re5 72. Kg6 Rf5 73. Kg7 Rf6 74. Kh7 Rf5 75. Kg7 Rc5 76. Rb6 Kd5 77. Ra6 Nc4 78. Kf6 Nb2 79. Ke7 Nxa4 80. Kd7 Kc4 81. Kd6 Kb4 82.
Ke6 Rb5 83. Kd6 Nb2 84. Ra8 Nc4+ 85. Kc6 a4 86. Ra7 a3 87. Rxa3 Nxa3 0-1

[Event "Late-Titled-Tuesday-Blitz-April-30-2024"]
[Site "Chess.com"]
[Date "2024.04.30"]
[Round "7"]
[White "carloseduar100"]
[Black "ALBERT_KLOC"]
[Result "1/2-1/2"]
[WhiteElo "2232"]
[BlackElo "2481"]
[TimeControl "180+1"]
[EndTime "15:19:24 PDT"]
[Termination "Game drawn by repetition"]

1. e4 Nf6 2. e5 Nd5 3. c4 Nb6 4. c5 Nd5 5. Nc3 c6 6. Qg4 d6 7. Qg3 dxc5 8. Bc4 Be6 9. Nf3 b5 10. Bb3 c4 11. Bc2 Nb4 12. Bb1 Nd3+ 13. Bxd3 Qxd3 14. Ne2 Nd7 15. Ned4 Bd5 16. e6 Bxe6 17. Nxe6 Qe4+ 18. Kd1 Qxe6 19. Re1 Qd5 20. Ne5 Nxe5 21.
Rxe5 Qd7 22. b3 Qd4 23. Rb1 Rd8 24. bxc4 Qxc4 25. Rb3 e6 26. Rc3 Qa4+ 27. Ke1 Bb4 28. Rxc6 O-O 29. Qb3 Qxb3 30. axb3 Rc8 31. Rxc8 Rxc8 32.
Bb2 a6 33. Kd1 Rc6 34. Rg5 g6 35. Rg4 Ba5 36. Rd4 Kf8 37. Rd7 Ke8 38. Ra7 Rd6 39. Bc1 h5 40. Kc2 Rc6+ 41. Kd1 Rd6 42. f3 Rd7 43. Rxa6 Bc7 44. h3 Rd5 45. Ba3 Kd7 46. Bb4 Bf4 47. Ra7+ Bc7 48. Ba5 Rc5 49. b4 Rc4 50. d3 Rc6 51. g4 hxg4 52. fxg4 g5 53. Ke2 Kd6 54. Bxc7+ Rxc7 55. Ra5 Rc2+ 56. Ke3 Rh2 57.
Rxb5 Rxh3+ 58. Ke4 f6 59. Rb6+ Kd7 60. Rb7+ Kd6 61. Rb6+ Kd7 62. Rb7+ Kc6 63. Rf7 Rh4 64.
Rxf6 Kd6 65. Kf3 Rh3+ 66. Ke4 Rg3 67. b5 Rxg4+ 68. Ke3 Rb4 69. Rg6 Rxb5 70. d4 Rf5 71. Ke4 Rf4+ 72. Ke3 Rg4 73. Kd3 Kd5 74. Kc3 Rg3+ 75.
Kd2 g4 76. Ke2 Kxd4 77. Rxe6 Ra3 78. Kf2 Kd5 79. Re8 Kd4 80. Kg2 Kd5 81. Re1 Kd4 82.
Re8 Kd5 83. Re1 Kd4 84. Re8 1/2-1/2

[Event "Late-Titled-Tuesday-Blitz-April-30-2024"]
[Site "Chess.com"]
[Date "2024.04.30"]
[Round "7"]
[White "Goryachkina"]
[Black "Hikaru"]
[Result "0-1"]
[WhiteElo "2708"]
[BlackElo "3201"]
[TimeControl "180+1"]
[EndTime "15:19:25 PDT"]
[Termination "Hikaru won on time"]

1. d4 g6 2. e4 Bg7 3. Nc3 c6 4. Nf3 d5 5. exd5 cxd5 6. h3 Nc6 7. Bd3 Bf5 8. O-O e6 9. Ne2 Nf6 10. c3 Bxd3 11. Qxd3 O-O 12. Bf4 a6 13. Ne5 Nd7 14. Nxd7 Qxd7 15. Nc1 Rfe8 16. Nb3 b6 17. a4 a5 18. Qb5 Ra7 19. Rfe1 Rb7 20. Re2 Rc8 21. Nc1 Ne7 22. Qb3 b5 23. axb5 Rxb5 24. Qd1 Nc6 25. Nd3 Qd8 26. g3 Rb7 27. h4 Ra7 28. Qa4 Qb6 29.
Rae1 Rb7 30. h5 Qb5 31. Qd1 a4 32. hxg6 hxg6 33. Kg2 Re7 34. Bd6 Ree8 35. Qd2 Na5 36. Bb4 Nc4 37. Qd1 a3 38. bxa3 Nxa3 39. Rh1 Nc4 40. Ree1 e5 41. Qg4 Qc6 42. Qh3 f5 43. Nc5 Kf7 44. g4 Rh8 45. Qg3 f4 46. Qf3 Nd2 47.
Qd1 f3+ 48. Kg3 Ne4+ 49. Nxe4 dxe4 50. Qb3+ Qe6 51. d5 Qf6 52. d6+ Ke8 53. Rxh8+ Bxh8 54. Rxe4 Rd8 55. Qa4+ Rd7 56. Qa8+ Kf7 57. Qd5+ Qe6 58. Qxe6+ Kxe6 59. c4 Rb7 60. c5 Kd5 61. d7 Rxd7 62. Re3 e4 63. Re1 Be5+ 64. Kh4 Rb7 65. Bd2 Bf6+ 66.
g5 Bd4 67. Kg4 Bxf2 68. Rd1 Ke6 69. Kf4 Bxc5 70. Kxe4 f2 71. Kf3 Rf7+ 72. Kg2 Rd7 73. Kf1 Be3 74. Bxe3 Rxd1+ 75. Kxf2 Rd3 76. Kf3 Rb3 77. Ke4 Rb4+ 78. Kf3 Ra4 79. Kg3 Kf5 0-1

[Event "Late-Titled-Tuesday-Blitz-April-30-2024"]
[Site "Chess.com"]
[Date "2024.04.30"]
[Round "7"]
[White "miaou33"]
[Black "zacachess"]
[Result "0-1"]
[WhiteElo "2530"]
[BlackElo "2367"]
[TimeControl "180+1"]
[EndTime "15:19:27 PDT"]
[Termination "zacachess won on time"]

1. e4 c5 2. Nf3 d6 3. d4 cxd4 4. Nxd4 Nf6 5. Nc3 Nc6 6. Nf3 h6 7. a4 e5 8. Be2 Be7 9. Nd2 Be6 10. Nc4 d5 11. exd5 Nxd5 12. Nxd5 Bxd5 13. O-O O-O 14. c3 f5 15. Ne3 Be6 16. Bc4 Bxc4 17. Nxc4 Qxd1 18. Rxd1 Rad8 19. Bd2 Rd3 20. Kf1 Rfd8 21. Ke2 e4 22. Be3 Rxd1 23. Rxd1 Rxd1 24. Kxd1 Kf7 25. b4 a6 26. b5 axb5 27. axb5 Nd8 28. f3 exf3 29. Ne5+ Ke6 30. Nxf3 Kd5 31. Nd2 Bc5 32.
c4+ Kd6 33. Bf4+ Kd7 34. Ke2 Ne6 35. Be5 g5 36. Kd3 Bd6 37. Bxd6 Kxd6 38. g3 g4 39. Nb3 b6 40. Nd4 Nc5+ 41. Ke3 Ke5 42. Nc6+ Kf6 43. Nb4 Ke5 44. Nd5 Nd7 45. Kd3 Nc5+ 46. Kc3 Nd7 47. Kb4 Kd4 48. Ne7 Ke4 49. Nc8 Kd4 50. Ne7 Ke4 51.
Nd5 Kd4 52. Nf4 Ke4 53. Ne6 Ke5 54. Nf4 Ke4 55. Kc3 Ke5 56. Kd3 Nc5+ 57. Ke3 Ne4 58. Nd5 Nd6 59. Nxb6 h5 60. Nd7+ Ke6 61. Nb6 Ke5 62.
Kd3 f4 63. gxf4+ Kxf4 64. Nd5+ Kf3 65. Nf6 h4 66. b6 Nb7 67. Kd4 Kf4 68. Nd5+ Kf3 69.
c5 g3 70. hxg3 hxg3 71. c6 Nd6 72. b7 g2 73. b8=Q g1=Q+ 74. Ke5 Nc4+ 75. Ke6 Qg6+ 0-1